AoeStats
← SwordOfDoom

Arena

509997362Analyzed
2v2 RM · 4d ago on Sep 29, 2026· 70m 38s· 4 players
Game mode
Random Map
Map size
Medium (4 player)
Population
200
Speed
Normal
Resources
Standard
Victory
Conquest
Starting age
Dark Age
Ending age
Imperial Age
RankedLock teamsTeams togetherTeam positionsShared explorationLock speedFull tech treeHidden civsTurbo modeCheats
Victory
Defeat
🇦🇷 Britons · Argentina
974
+13
🇧🇷 Khmer · Brazil
950
+14
🇨🇦 Bulgarians · Canada
919
-14
🇨🇦 Khmer · Canada
896
-13
Caio Pai
1:01 Loom
13:51 Feudal Age
17:53 Castle Age
15:56 Horse Collar
16:18 Double-Bit Axe
18:01 Wheelbarrow
18:45 Bow Saw
19:34 Gold Mining
19:29 Pikeman
24:38 Stone Mining
33:22 Imperial Age
33:21 Hand Cart
34:22 Tusk Swords
39:46 Gold Shaft Mining
39:46 Stone Shaft Mining
39:22 Halberdier
42:47 Scale Barding Armor
42:42 Scale Mail Armor
42:43 Padded Archer Armor
42:33 Fletching
42:54 Forging
44:42 Chain Barding Armor
44:37 Chain Mail Armor
45:24 Chemistry
44:38 Masonry
46:12 Conscription
46:09 Heavy Plow
47:33 Town Watch
49:20 Elite Battle Elephant
51:19 Double Crossbow
53:00 Crop Rotation
54:34 Caravan
Carozzoo
10:33 Feudal Age
11:27 Double-Bit Axe
12:50 Wheelbarrow
13:21 Horse Collar
19:41 Castle Age
18:26 Padded Archer Armor
18:19 Gold Mining
18:21 Stone Mining
18:53 Fletching
21:08 Hand Cart
20:55 Heavy Plow
21:07 Bow Saw
24:39 Crossbowman
25:51 Bodkin Arrow
28:00 Forging
28:22 Loom
34:31 Imperial Age
33:43 Leather Archer Armor
33:50 Ballistics
33:10 Pikeman
35:20 Iron Casting
36:07 Halberdier
37:59 Bracer
39:03 Chemistry
38:14 Masonry
38:10 Siege Engineers
38:13 Arbalester
45:19 Elite Skirmisher
48:00 Ring Archer Armor
49:07 Blast Furnace
49:12 Gold Shaft Mining
50:33 Onager
53:04 Scale Mail Armor
53:43 Elite Longbowman
61:41 Elite Longbowman
63:29 Fortified Wall
63:49 Architecture
64:20 Light Cavalry
69:23 Scale Barding Armor
SwordOfDoom
11:09 Feudal Age
16:30 Castle Age
15:43 Double-Bit Axe
16:45 Wheelbarrow
17:45 Horse Collar
18:44 Wheelbarrow
22:07 Loom
23:56 Stone Mining
23:56 Gold Mining
24:48 Town Watch
24:51 Elite Skirmisher
25:41 Scale Barding Armor
29:19 Bow Saw
31:46 Stone Shaft Mining
31:46 Gold Shaft Mining
31:33 Pikeman
32:13 Squires
32:35 Chain Barding Armor
32:25 Forging
34:09 Thumb Ring
36:44 Imperial Age
37:50 Fletching
38:00 Padded Archer Armor
37:50 Capped Ram
42:02 Siege Ram
43:02 Town Patrol
43:18 Hand Cart
43:45 Parthian Tactics
44:03 Caravan
44:46 Heavy Cavalry Archer
47:25 Ballistics
48:06 Chemistry
47:08 Bodkin Arrow
48:03 Plate Barding Armor
47:44 Leather Archer Armor
49:18 Stirrups
49:48 Conscription
50:43 Onager
51:55 Heavy Scorpion
52:49 Siege Engineers
52:56 Masonry
58:22 Siege Onager
58:35 Siege Onager
70:37 Gambesons
Hatcherm
10:31 Feudal Age
14:13 Castle Age
12:00 Horse Collar
12:09 Double-Bit Axe
17:19 Wheelbarrow
16:46 Loom
19:55 Town Watch
20:28 Light Cavalry
22:29 Scale Barding Armor
23:24 Bloodlines
23:53 Husbandry
27:02 Hand Cart
28:20 Forging
33:23 Imperial Age
32:02 Bow Saw
31:55 Heavy Plow
32:57 Iron Casting
32:42 Chain Barding Armor
33:34 Hussar
33:44 Cavalier
35:29 Blast Furnace
35:04 Plate Barding Armor
35:39 Fletching
40:16 Onager
50:23 Bodkin Arrow
55:02 Town Patrol
55:26 Conscription
57:02 Scale Mail Armor
58:10 Pikeman
59:00 Halberdier
60:01 Chain Mail Armor
65:31 Capped Ram
66:39 Siege Ram
68:39 Crop Rotation
67:37 Elite Skirmisher
70:25 Padded Archer Armor
Connection lost

Rejoining the realm…

Still unreachable

The connection could not be restored.

Session expired

The server has moved on; the page needs a fresh start.